 Dungeon Crawl Stone Soup version 0.24-a0-520-g8fd06ad (webtiles) character file.

Game seed: 6884841376171013933

14556 DinnerBoy7 the Thaumaturge (level 11, -10/85 HPs)
             Began as a Purple Draconian Air Elementalist on July 24, 2019.
             Was a High Priest of Hepliaklqana.
             Mangled by Urug
             ... wielding a +2 war axe of electrocution
              (20 damage)
             ... on level 3 of the Lair of Beasts.
             The game lasted 01:40:15 (16230 turns).

DinnerBoy7 the Thaumaturge (DrAE)                  Turns: 16230, Time: 01:40:21

Health: -10/85     AC: 10    Str: 18    XL:     11   Next: 90%
Magic:  2/33       EV: 15    Int: 21    God:    Hepliaklqana [*****.]
Gold:   845        SH:  0    Dex: 12    Spells: 4/28 levels left

rFire    . . .     SeeInvis .   w - +6 long sword (freeze)
rCold    . . .     Gourm    +   (no shield)
rNeg     . . .     Faith    .   (armour unavailable)
rPois    .         Spirit   .   O - +0 hat
rElec    .         Reflect  .   J - +2 cloak
rCorr    .         Harm     .   (no gloves)
MR       +....                  (no boots)
Stlth    ++........             L - amulet of the gourmand
HPRegen  0.24/turn              W - ring of wizardry
MPRegen  0.23/turn              V - ring of magical power

@: mighty, brilliant, sluggish, very slow
A: breathe power, unfitting armour, reduced essence, cold-blooded, AC +7
a: Breathe Dispelling Energy, Recall Ancestor, Ancestor Identity, Transference,
Idealise, Renounce Religion


You were on level 3 of the Lair of Beasts.
You worshipped Hepliaklqana.
Hepliaklqana was extremely pleased with you.
You were full.

You visited 2 branches of the dungeon, and saw 13 of its levels.
You also visited: Ossuary.

You collected 845 gold pieces.

Inventory:

Hand Weapons
 l - a +0 short sword
 s - a +3 falchion of slicing
 u - a +2 trident of pain
 w - a +6 long sword of freezing (weapon)
 G - a +0 war axe of freezing
 I - a +2 quarterstaff of chaos
 S - a +0 dagger
 T - a +0 club
 U - a +1 long sword of holy wrath
Missiles
 o - 415 stones
 A - 4 silver boomerangs (quivered)
Armour
 z - a +0 cloak
 J - a +2 cloak (worn)
 O - a +0 hat (worn)
 P - a +0 pair of boots
Jewellery
 c - a +4 ring of intelligence
 k - an uncursed ring of flight
 n - an uncursed ring of wizardry
 r - the ring "Saxteska" {rElec EV+1 Dex+5 SInv}
   (You found it on level 7 of the Dungeon)

   [ring of evasion]

   It affects your evasion (+1).
   It affects your dexterity (+5).
   It insulates you from electricity.
   It lets you see invisible.
 v - a +5 ring of dexterity
 L - an amulet of the gourmand (around neck)
 R - an uncursed ring of fire
 V - a ring of magical power (right hand)
 W - a ring of wizardry (left hand)
Wands
 E - a wand of disintegration (21)
 F - a wand of paralysis (12)
 H - a wand of flame (13)
 K - a wand of iceblast (4)
 M - a wand of clouds (5)
Scrolls
 a - 4 scrolls of remove curse
 f - 2 scrolls of amnesia
 g - a scroll of enchant weapon
 h - 3 scrolls of random uselessness
 p - 2 scrolls of fear
 q - a scroll of immolation
 y - 3 scrolls of magic mapping
 B - 4 scrolls of enchant armour
 Q - 2 scrolls of identify
 X - a scroll of teleportation
 Z - a scroll of noise {unknown}
Potions
 d - a potion of degeneration
 j - 4 potions of cancellation
 m - 4 potions of flight
 x - 3 potions of brilliance
 C - a potion of curing
 D - a potion of mutation {unknown}
 N - a potion of resistance {unknown}
Comestibles
 b - 20 rations


   Skills:
 + Level 8.8 Fighting
 + Level 4.2 Long Blades
 + Level 6.9 Dodging
 - Level 1.7 Stealth
 + Level 9.3 Spellcasting
 + Level 8.3 Conjurations
 + Level 1.7 Hexes
 + Level 4.1 Charms
 - Level 8.4 Air Magic
 + Level 5.3 Invocations


You had 4 spell levels left.
You knew the following spells:

 Your Spells              Type           Power        Failure   Level  Hunger
a - Shock                 Conj/Air       ####         1%          1    None
b - Swiftness             Chrm/Air       #####...     1%          2    None
c - Static Discharge      Conj/Air       ######..     1%          3    None
d - Airstrike             Air            ######....   1%          4    ##.....
e - Lightning Bolt        Conj/Air       ######....   1%          5    #####..
f - Dazzling Spray        Conj/Hex       #####.       1%          3    None
g - Iskenderun's Battles  Conj/Chrm      #####...     1%          5    #####..
s - Animate Skeleton      Necr           N/A          1%          1    None

Your spell library contained the following spells:

 Spells                   Type           Power        Failure   Level  Hunger
 Apportation              Tloc           ###...       1%          1    None
 Confusing Touch          Hex            ####..       1%          1    None
 Corona                   Hex            ####...      1%          1    None
 Magic Dart               Conj           ####         1%          1    None
 Sting                    Conj/Pois      ####         1%          1    None
 Summon Small Mammal      Summ           ###.         1%          1    None
 Ensorcelled Hibernation  Hex/Ice        ####..       1%          2    None
 Poisonous Vapours        Pois/Air       #####.       1%          2    None
 Searing Ray              Conj           ######       1%          2    None
 Confuse                  Hex            ####....     1%          3    None
 Mephitic Cloud           Conj/Pois/Air  #####...     1%          3    None
 Tukima's Dance           Hex            ####....     1%          3    None
 Force Lance              Conj/Tloc      #####...     1%          4    ##.....
 Fulminant Prism          Conj/Hex       #####.....   1%          4    ##.....
 Iskenderun's Mystic Bla  Conj           ######..     1%          4    ##.....
 Olgreb's Toxic Radiance  Pois           ###.....     8%          4    ##.....
 Irradiate                Conj/Tmut      #####.....   4%          5    #####..
 Venom Bolt               Conj/Pois      #####.....   4%          5    #####..
 Bolt of Magma            Conj/Fire/Erth ####......   7%          5    #####..
 Iron Shot                Conj/Erth      #####.....   19%         6    ######.
 Orb of Destruction       Conj           ######....   19%         7    #######
 Hydra Form               Tmut           ###.......   65%         6    ######.
 Statue Form              Tmut/Erth      ###......    65%         6    ######.
 Spellforged Servitor     Conj/Summ      #####.....   65%         7    #######
 Dragon Form              Tmut           ###.......   98%         7    #######


Dungeon Overview and Level Annotations

Branches:
Dungeon (10/15)            Temple (0/1) D:6            Lair (3/6) D:8
    Orc (0/2) D:9
  Swamp: Lair:2-4    Shoals: Lair:2-4     Snake: Lair:2-4    Spider: Lair:2-4

Altars:
Elyvilon
Fedhas
Hepliaklqana
Qazlal
Ru
Sif Muna
Trog
Uskayaw
Yredelemnul
Zin
Beogh

Shops:
D:4 :   D:6 [

Annotations:
Lair:3 Urug


Innate Abilities, Weirdness & Mutations

You can breathe bolts of dispelling energy.
Your rich purple scales are hard. (AC +7)
You cannot fit into any form of body armour.
You are cold-blooded and may be slowed by cold attacks.
Your life essence is reduced to manifest your ancestor. (-10% HP)


Message History

Urug barely misses you.
Urug hits JOSE with a +2 war axe of electrocution.
Okay, then.
You feel better. The bullfrog barely misses you.
The blink frog blinks!
The bullfrog hits you.
* * * LOW HITPOINT WARNING * * *
JOSE closely misses Urug.
Quiver which item? (- for none, * to show all) (? for menu, Esc to quit)
Okay, then.
Okay, then.
You feel better. Urug misses you.
JOSE blocks Urug's attack.
The bullfrog hits you.
You slash the bullfrog!
The bullfrog seems to slow down.
You freeze the bullfrog.
You kill the bullfrog!
JOSE hits Urug with a +0 flail.
Urug hits you with a +2 war axe of electrocution!!
* * * LOW HITPOINT WARNING * * *
You are electrocuted!!
You die...

..*........
......F...
§.#.....#
.†.###..#
#....l..#
###..F.###
###....###
###F...#######
###..†#.F†@#
##§..†Ro.#
##..%####
#####


You could see the friendly JOSE the knight, Urug and a blink frog.

Vanquished Creatures
  A hydra (Lair:1)
  Erica (D:10)
  An unseen horror (D:9)
  A guardian serpent (D:9)
  Maurice (D:8)
  2 komodo dragons
  2 hornets
  Prince Ribbit (D:7)
  3 blink frogs (Lair:3)
  2 hippogriffs (Lair:2)
  8 yaks
  A spriggan (D:9)
  A wyvern (D:10)
  2 basilisks
  Menkaure (D:5)
  2 water moccasins
  7 porcupines
  An ice beast (D:8)
  A sky beast (D:9)
  3 black bears
  4 orc warriors
  A necrophage (D:10)
  6 ogres
  2 phantoms (D:8)
  2 centaurs
  5 crocodiles
  3 bullfrogs
  A gnoll sergeant (D:9)
  2 wights (D:8)
  A crimson imp (D:3)
  Crazy Yiuf (D:7)
  A bullfrog skeleton (D:6)
  A jelly (D:5)
  4 orc priests
  8 orc wizards
  2 iguanas
  Terence (D:2)
  2 worker ants
  A killer bee zombie (D:5)
  3 mummies (Ossuary)
  3 adders
  4 gnolls (D:4)
  5 shadow imps
  2 adder zombies (Ossuary)
  3 leopard geckos
  45 orcs
  3 giant cockroaches
  8 goblins
  7 hobgoblins
  4 jackals
  A quokka (D:5)
  2 ball pythons
  3 bats
  2 frilled lizards (D:1)
  A giant cockroach zombie (D:5)
  2 gnoll zombies (D:2)
  A goblin zombie (Ossuary)
  3 hobgoblin zombies (Ossuary)
  9 kobolds
  A kobold zombie (Ossuary)
  An orc zombie (Ossuary)
  A quokka skeleton (D:9)
  A quokka zombie (Ossuary)
  5 rats
  A rat zombie (Ossuary)
211 creatures vanquished.

Vanquished Creatures (collateral kills)
  2 spiny frogs
  2 hippogriffs
  2 blink frogs (Lair:3)
  A basilisk (Lair:1)
  7 yaks
  A hungry ghost (D:7)
  3 water moccasins
  2 porcupines
  2 orc warriors
  A sky beast (D:5)
  An ogre (D:6)
  2 centaurs
  A crocodile (D:8)
  2 bullfrogs
  A wight (D:8)
  2 crimson imps
  A bullfrog skeleton (D:7)
  2 orc priests
  A gnoll shaman (D:4)
  2 hounds
  An iguana (D:4)
  3 orc wizards
  A worker ant (D:4)
  A killer bee zombie (D:6)
  2 hound skeletons
  5 adders
  4 gnolls (D:9)
  2 adder zombies (Ossuary)
  2 worms (D:5)
  22 orcs
  A gnoll zombie (Ossuary)
  A hobgoblin (D:3)
  3 jackals
  A quokka (D:7)
  2 hobgoblin zombies (Ossuary)
  A kobold zombie (Ossuary)
  2 quokka zombies (Ossuary)
  A fungus (Lair:2)
93 creatures vanquished.

Vanquished Creatures (others)
  6 knights
  An ancestor (D:2)
7 creatures vanquished.

Grand Total: 311 creatures vanquished

Notes
Turn   | Place    | Note
-------+----------+-------------------------------------------
     0 | D:1      | DinnerBoy7 the Draconian Air Elementalist began the quest
                  | for the Orb.
     0 | D:1      | Reached XP level 1. HP: 14/14 MP: 3/3
   617 | D:1      | Reached XP level 2. HP: 17/22 MP: 1/5
   691 | D:1      | Learned a level 2 spell: Swiftness
  1285 | D:1      | You fall into a shaft and drop 1 floor!
  1403 | D:1      | Reached skill level 1 in Fighting
  2143 | D:2      | Reached XP level 3. HP: 27/28 MP: 3/6
  2215 | D:2      | Found a sacrificial altar of Ru.
  2233 | D:2      | Found a faded altar of an unknown god.
  2256 | D:2      | Became a worshipper of Hepliaklqana the Forgotten
  2256 | D:2      | Reached * piety under Hepliaklqana
  2447 | D:2      | Found a basalt altar of Yredelemnul.
  2648 | D:2      | Learned a level 3 spell: Static Discharge
  2760 | D:2      | Noticed Terence
  2791 | D:2      | Killed Terence
  3176 | D:3      | Reached XP level 4. HP: 26/32 MP: 0/7
  3714 | D:3      | Reached XP level 5. HP: 23/36 MP: 7/9
  3719 | D:3      | Reached skill level 3 in Spellcasting
  4345 | D:4      | Noticed an ogre
  4346 | D:4      | Reached ** piety under Hepliaklqana
  4347 | D:4      | Remembered your ancestor JOSE as a knight
  4358 | D:4      | Killed an ogre
  4358 | D:4      | Reached XP level 6. HP: 35/45 MP: 4/10
  4450 | D:4      | Reached skill level 5 in Air Magic
  4773 | D:4      | Found Miqebame's Book Shop.
  5012 | D:4      | Your scales start taking on a rich purple colour.
  5012 | D:4      | Reached skill level 4 in Spellcasting
  5012 | D:4      | Reached XP level 7. HP: 51/51 MP: 7/13
  5067 | D:4      | Learned a level 4 spell: Airstrike
  5415 | D:5      | Entered Level 5 of the Dungeon
  6029 | D:5      | Reached skill level 5 in Spellcasting
  6184 | D:5      | Noticed Menkaure
  6187 | D:5      | Killed Menkaure
  6187 | D:5      | Reached XP level 8. HP: 60/60 MP: 2/15
  6419 | D:5      | Found a hide-covered altar of Uskayaw.
  6426 | D:5      | Reached *** piety under Hepliaklqana
  6790 | D:6      | Found a sand-covered staircase.
  6802 | Ossuary  | Entered an ossuary
  7130 | D:6      | Found a staircase to the Ecumenical Temple.
  7300 | D:6      | Learned a level 5 spell: Lightning Bolt
  7355 | D:6      | Found a bloodstained altar of Trog.
  7510 | D:6      | Found Anobik's Armour Shoppe.
  7886 | D:7      | Noticed a hornet
  7889 | D:7      | Killed a hornet
  7889 | D:7      | Reached skill level 5 in Fighting
  7889 | D:7      | Reached skill level 6 in Spellcasting
  7889 | D:7      | Reached skill level 5 in Conjurations
  8059 | D:7      | Reached **** piety under Hepliaklqana
  8263 | D:7      | Noticed Prince Ribbit
  8266 | D:7      | Killed Prince Ribbit
  8266 | D:7      | Reached XP level 9. HP: 66/66 MP: 4/18
  8746 | D:7      | Found a runed translucent door.
  8747 | D:7      | Noticed Crazy Yiuf
  8752 | D:7      | Killed Crazy Yiuf
  9181 | D:7      | Got a vibrating copper ring
  9185 | D:7      | Identified the ring "Saxteska" {rElec EV+1 Dex+5 SInv} (You
                  | found it on level 7 of the Dungeon)
  9343 | D:8      | Reached skill level 7 in Spellcasting
  9361 | D:8      | Reached skill level 5 in Dodging
  9397 | D:8      | Reached XP level 10. HP: 17/75 MP: 1/21
  9774 | D:8      | Found a staircase to the Lair.
 10014 | D:8      | Learned a level 3 spell: Dazzling Spray
 10090 | D:8      | Found a white marble altar of Elyvilon.
 10102 | D:8      | Found a stormy altar of Qazlal.
 10215 | D:8      | Found a glowing silver altar of Zin.
 10215 | D:8      | Noticed Maurice
 10220 | D:8      | Killed Maurice
 10220 | D:8      | Reached skill level 1 in Invocations
 10691 | D:9      | Found a blossoming altar of Fedhas.
 10786 | D:9      | Reached skill level 8 in Spellcasting
 10795 | D:9      | Reached ***** piety under Hepliaklqana
 10986 | D:9      | Found a deep blue altar of Sif Muna.
 10993 | D:9      | Noticed an unseen horror
 11000 | D:9      | Killed an unseen horror
 11000 | D:9      | Reached skill level 1 in Long Blades
 11071 | D:9      | Found a staircase to the Orcish Mines.
 11296 | D:9      | Noticed a guardian serpent
 11302 | D:9      | Killed a guardian serpent
 11433 | D:9      | Learned a level 5 spell: Iskenderun's Battlesphere
 11495 | D:9      | Learned a level 1 spell: Animate Skeleton
 11785 | D:10     | Entered Level 10 of the Dungeon
 12016 | D:10     | Reached skill level 1 in Charms
 12391 | D:10     | Reached XP level 11. HP: 80/84 MP: 19/23
 12668 | D:10     | Noticed Erica
 12674 | D:10     | Killed Erica
 13085 | D:10     | Found a roughly hewn altar of Beogh.
 13420 | Lair:1   | Entered Level 1 of the Lair of Beasts
 13927 | Lair:1   | Noticed an eight-headed hydra
 13936 | Lair:1   | Killed an eight-headed hydra
 14554 | Lair:1   | Reached skill level 9 in Spellcasting
 16167 | Lair:3   | Reached skill level 5 in Invocations
 16171 | Lair:3   | Noticed Urug
 16176 | Lair:3   | Reached skill level 1 in Hexes
 16230 | Lair:3   | Mangled by Urug

Levels and vault maps discovered:
D:1:      minmay_arrival_pointy, layout_loops_corners, nrook_loot_triangle,
          kennysheep_boxes
D:2:      layout_basic, lemuel_zombie_altar_yredelemnul,
          chequers_ecumenical_altar_simple_redux,
          nicolae_ru_sacrificial_ziggurat, uniq_terence
D:3:      layout_basic
D:4:      layout_basic, serial_shops, shop
D:5:      layout_loops_ring, eat_drink_and_be_merry_uskayaw, first_ration,
          item_on_display_a, uniq_menkaure
D:6:      layout_rooms, nicolae_overflow_hidden_temple,
          minmay_temple_entry_glass, serial_shops, nicolae_shop_waterfront,
          lightli_ossuary_entry_decrepit_ruins, trog_three_pillars_becter
D:7:      layout_basic, uniq_prince_ribbit1, uniq_crazy_yiuf_cottage
D:8:      layout_rooms, amethyst_overflow_temple_binary,
          overflow_temple_1_default, minmay_lair_entry_grove, special_room
          [special_room_orc], uniq_maurice
D:9:      layout_roguey, old_standard_altar, old_standard_altar, orc_0_dummy,
          hex_large, the_bakery, nrook_guardian_serpent_ordinary
D:10:     layout_roguey, special_room [special_room_orc], uniq_erica
Lair:1:   layout_cave_pods
Lair:2:   layout_small_grid
Lair:3:   layout_cave_pods, nicolae_spider_entry_tight_spaces,
          beast_lair_carwin_3, uniq_urug

Skill      XL: |  1  2  3  4  5  6  7  8  9 10 11 |
---------------+----------------------------------+-----
Fighting       | 1 2 3 4 5 6 8 |  8.8
Conjurations   | 2 3 4 5 6 7 8 |  8.3
Air Magic      | 4 5 6 7 8 |  8.4
Spellcasting   | 3 4 5 6 7 8 9 |  9.3
Dodging        | 2 3 5 6 |  6.9
Invocations    | 3 5 |  5.3
Long Blades    | 2 4 |  4.2
Charms         | 1 4 |  4.1
Hexes          | 1 |  1.7
Stealth        | |  1.7

Action                   |  1- 3 |  4- 6 |  7- 9 | 10-12 || total
-------------------------+-------+-------+-------+-------++-------
Melee: Unarmed           |    64 |       |       |       ||    64
       Tailslap          |     7 |     3 |    19 |    15 ||    44
       Short sword       |    21 |       |       |       ||    21
       Falchion          |     3 |    33 |    90 |    27 ||   153
       Long sword        |       |       |       |    31 ||    31
Throw: Stone             |     4 |       |     4 |     1 ||     9
       Boomerang         |       |       |       |     5 ||     5
 Cast: Shock             |    69 |    32 |    81 |    82 ||   264
       Static Discharge  |     1 |     1 |     5 |     3 ||    10
       Airstrike         |       |       |    24 |    68 ||    92
       Lightning Bolt    |       |       |     6 |    15 ||    21
       Animate Skeleton  |       |       |       |    33 ||    33
       Dazzling Spray    |       |       |       |     5 ||     5
       Iskenderun's Batt |       |       |       |     6 ||     6
       Swiftness         |       |       |       |     2 ||     2
Invok: Ancestor Life: Kn |       |     1 |       |       ||     1
       Ancestor Identity |       |     1 |       |       ||     1
       Idealise          |       |       |       |     1 ||     1
       Recall Ancestor   |       |       |       |     1 ||     1
 Abil: Breathe Dispellin |       |       |    12 |    10 ||    22
  Use: Scroll            |     2 |       |    18 |    10 ||    30
       Potion            |       |       |     8 |     6 ||    14
 Stab: Sleeping          |       |       |     1 |       ||     1
  Eat: Chunk             |     6 |     1 |    22 |    31 ||    60
       Ration            |     1 |     1 |     1 |     3 ||     6
Armor: Skin              |    45 |    12 |    57 |    31 ||   145
Dodge: Dodged            |   105 |    35 |   111 |   124 ||   375
       Rpst.: Falchion   |     1 |    15 |    34 |     8 ||    58
       Long sword        |       |       |       |    27 ||    27

Table legend:
 A = Non-vault XP
 B = Vault XP
 C = Vault XP percentage of total XP
 D = Non-vault monster count
 E = Vault monster count
 F = Vault count percentage of total count
                 A         B        C        D         E       F
            +---------+---------+-------+---------+---------+-------
      Total |   15175 |    5620 |  27.0 |     210 |      93 |  30.7
            +---------+---------+-------+---------+---------+-------
        D:1 |      35 |       0 |   0.0 |      22 |       0 |   0.0
        D:2 |      22 |      39 |  63.9 |      12 |       3 |  20.0
        D:3 |     210 |       0 |   0.0 |      18 |       0 |   0.0
        D:4 |     545 |       0 |   0.0 |      16 |       0 |   0.0
        D:5 |     678 |     172 |  20.2 |      25 |       1 |   3.8
        D:6 |     415 |       0 |   0.0 |      12 |       0 |   0.0
        D:7 |     749 |     328 |  30.5 |      22 |       2 |   8.3
        D:8 |    1301 |    2911 |  69.1 |      16 |      38 |  70.4
        D:9 |    1164 |     681 |  36.9 |      11 |       2 |  15.4
       D:10 |    2161 |    1398 |  39.3 |      18 |      26 |  59.1
     Lair:1 |    2486 |       0 |   0.0 |      10 |       0 |   0.0
     Lair:2 |    2330 |       0 |   0.0 |      14 |       0 |   0.0
     Lair:3 |    3079 |       0 |   0.0 |      14 |       0 |   0.0
    Ossuary |       0 |      91 | 100.0 |       0 |      21 | 100.0
            +---------+---------+-------+---------+---------+-------
